 Dungeon Crawl Stone Soup version 0.30-a0-802-gb92711bcdf (webtiles) character file.

Game seed: 8707467555508261112

6160 bmack86 the Cleaver (level 10, -2/87 (91) HPs)
             Began as a Minotaur Fighter on Feb 24, 2023.
             Slain by a wight
             ... wielding a +0 halberd
              (4 damage)
             ... on level 8 of the Dungeon.
             The game lasted 00:20:12 (6030 turns).

bmack86 the Cleaver (Minotaur Fighter)              Turns: 6030, Time: 00:20:13

HP:   -2/87 (91)    AC: 18    Str: 25    XL:     10   Next: 60%
MP:   9/9           EV:  6    Int: 11    God:
Gold: 458           SH: 10    Dex: 10    Spells: 9/9 levels left

rFire   . . .      SeeInvis .    y - +6 hand axe
rCold   . . .      Faith    .    m - +0 kite shield
rNeg    . . .      Spirit   .    A - +0 plate armour
rPois   .          Reflect  .    (helmet restricted)
rElec   .          Harm     .    s - +0 cloak
rCorr   .          Rampage  .    n - +2 pair of gloves
Will    +....                    (no boots) Stlth
                                 h - amulet of regeneration
HPRegen 1.14/turn                x - +6 ring of intelligence
MPRegen 0.11/turn                o - ring of willpower

@: lightly drained
A: horns 2, retaliatory headbutt
a: no special abilities


You were on level 8 of the Dungeon.
You visited 2 branches of the dungeon, and saw 9 of its levels.

You collected 458 gold pieces.

Inventory:

Hand Weapons
 a - a +1 war axe
 y - a +6 hand axe (weapon)
Missiles
 z - 5 boomerangs (quivered)
 C - 3 poisoned darts
 D - 2 curare-tipped darts
Armour
 m - a +0 kite shield (worn)
 n - a +2 pair of gloves (worn)
 s - a +0 cloak (worn)
 A - a +0 plate armour (worn)
Jewellery
 h - an amulet of regeneration (around neck)
 o - a ring of willpower (right hand)
 x - a +6 ring of intelligence (left hand)
Wands
 v - a wand of polymorph (9)
 w - a wand of roots (9)
Scrolls
 e - a scroll of fog
 g - 2 scrolls of blinking
 q - 2 scrolls of amnesia
 B - a scroll of identify
 E - a scroll of enchant weapon
 F - a scroll of fear
Potions
 b - a potion of lignification {unknown}
 c - 4 potions of curing
 d - 3 potions of might
 f - a potion of resistance {unknown}
 i - 4 potions of heal wounds
 j - 3 potions of flight
 k - 3 potions of brilliance {unknown}
 l - 2 potions of ambrosia {unknown}
 p - 3 potions of berserk rage {unknown}
 r - a potion of attraction {unknown}
 t - 2 potions of mutation {unknown}
 u - 2 potions of haste {unknown}


   Skills:
 + Level 9.1 Fighting
 * Level 11.9 Axes
 + Level 4.2 Throwing
 + Level 9.0 Armour
 + Level 9.1 Shields


You had 9 spell levels left.
You didn't know any spells.
Your spell library contained the following spells:

 Spells                   Type           Power      Damage    Failure   Level
 Airstrike                Air            0%         2d(0-16)  100%        4
 Manifold Assault         Tloc           0%         N/A       100%        4
 Summon Lightning Spire   Summ/Air       0%         N/A       100%        4
 Lightning Bolt           Conj/Air       0%         1d11      100%        5
 Dispersal                Tloc           0%         N/A       100%        6
 Storm Form               Tmut/Air       0%         N/A       100%        7
 Disjunction              Tloc           0%         N/A       100%        8
 Maxwell's Capacitive Co  Air            0%         ∞         100%        8


Dungeon Overview and Level Annotations

Branches:
Dungeon (8/15)             Temple (1/1) D:4
   Lair: D:8-11

Altars:
Ashenzari
Cheibriados
Dithmenos
Elyvilon
Fedhas
Gozag
Hepliaklqana
Kikubaaqudgha
Makhleb
Nemelex Xobeh
Qazlal
Ru
Sif Muna
Trog
Uskayaw
Wu Jian
Xom
Yredelemnul
Zin
The Shining One

Shops:
D:2 (


Innate Abilities, Weirdness & Mutations

You have a pair of horns on your head.
You reflexively headbutt those who attack you in melee.


Message History

You feel very sick. The hornet closely misses you.
The wight closely misses you. The wight hits you but does no damage.
You block the hornet's attack.
Your Armour skill increases to level 9!
You feel very sick. You block the hornet's attack.
You feel very sick. You block the wight's attack. The hornet barely misses you.
You feel very sick.
The hornet stings you but does no damage.
The wight hits you from afar with a +0 halberd.
* * * LOW HITPOINT WARNING * * *
The hornet stings you but does no damage.
You slash the hornet!
The hornet is almost dead.
You feel sick. You block the wight's attack. The hornet stings you.
* * * LOW HITPOINT WARNING * * *
You are more poisoned.
You feel yourself slow down.
You slash the hornet!
You kill the hornet!
You feel very sick. The wight hits you but does no damage.
You feel better.
You feel yourself speed up.
You block the wight's attack. x2; The wight completely misses you.
The wight closely misses you.
You hit the wight but do no damage. Your headbutt misses the wight.
The wight is lightly damaged.
The wight hits you from afar with a +0 halberd.
* * * LOW HITPOINT WARNING * * *
The wight hits you with a +0 halberd.
* * * LOW HITPOINT WARNING * * *
The wight hits you with a +0 flail!
* * * LOW HITPOINT WARNING * * *
You see here a hornet corpse.
The wight hits you from afar with a +0 halberd!
* * * LOW HITPOINT WARNING * * *
You feel drained.
You die...

*,* *, ########## *,* *,
....##...# *,* *, #.#..#...# *,*
*, #.##.#...# *,* *, #.##.#...#
*,****** *, #.##.#...# *,,,,,,*
*, #.##.#...######### ******,* *,
#.#............z@# *,***,
#.#.##...#######†#** *,*,,,
..#.##(###.....)z..#********,****
.......)).............,,,,,,,,,,,
.<#....))#.......#.####***,,,****
#######)).######....,,,,,,,,,**##
....<.......# #.#.##*****,*,*...
########.#..# #.#,#******,*,#...
,,,,........# #.#,*,,,...,,,....


You could see 2 wights.

Vanquished Creatures
  3 two-headed ogres
  A hornet (D:8)
  Edmund (D:4)
  An acid dragon (D:8)
  3 water moccasins
  2 black bears (D:6)
  2 ice beasts
  3 sky beasts
  5 centaurs
  2 ogres
  A phantom (D:6)
  3 kobold brigands
  3 bullfrogs
  3 necrophages
  10 scorpions
  8 wights
  3 howler monkeys (D:7)
  6 hounds
  2 jellies
  2 orc priests
  A gnoll bouda (D:5)
  2 iguanas
  5 orc wizards
  A gnoll (D:6)
  11 adders
  2 shadow imps
  2 white imps (D:6)
  An ufetubus (D:7)
  2 worms
  17 orcs
  5 ball pythons
  6 endoplasms
  3 giant cockroaches (D:3)
  8 goblins
  10 hobgoblins
  9 jackals
  4 quokkas
  12 bats
  2 frilled lizards (D:1)
  13 kobolds
  5 rats
185 creatures vanquished.

Vanquished Creatures (collateral kills)
  2 hobgoblins (D:4)
2 creatures vanquished.

Vanquished Creatures (others)
  3 fungi (D:5)
3 creatures vanquished.

Grand Total: 190 creatures vanquished

Notes
Turn   | Place    | Note
-------+----------+-------------------------------------------
     0 | D:1      | bmack86 the Minotaur Fighter began the quest for the Orb.
     0 | D:1      | Reached XP level 1. HP: 19/19 MP: 0/0
   247 | D:1      | Reached XP level 2. HP: 26/27 MP: 1/1
   262 | D:1      | Reached skill level 3 in Axes
   939 | D:2      | Reached XP level 3. HP: 32/33 MP: 2/2
  1022 | D:2      | Found Satud's Antique Weapon Shop.
  1692 | D:3      | Reached XP level 4. HP: 40/40 MP: 3/3
  1718 | D:3      | Reached skill level 4 in Axes
  2144 | D:4      | Noticed a scorpion
  2144 | D:4      | Found a hazy altar of Hepliaklqana.
  2150 | D:4      | Killed a scorpion
  2151 | D:4      | Reached XP level 5. HP: 47/47 MP: 4/4
  2423 | D:4      | Found a burning altar of Makhleb.
  2488 | D:4      | Reached skill level 5 in Axes
  2581 | D:4      | Reached skill level 5 in Shields
  2581 | D:4      | Reached XP level 6. HP: 42/55 MP: 5/5
  2602 | D:4      | Found a staircase to the Ecumenical Temple.
  2610 | Temple   | Entered the Ecumenical Temple
  2758 | D:4      | Reached skill level 5 in Fighting
  2758 | D:4      | Reached skill level 5 in Armour
  2790 | D:4      | Noticed Edmund
  2809 | D:4      | Killed Edmund
  2810 | D:4      | Reached skill level 6 in Axes
  2810 | D:4      | Reached XP level 7. HP: 43/61 MP: 6/6
  3004 | D:4      | Found a stormy altar of Qazlal.
  3162 | D:5      | Entered Level 5 of the Dungeon
  3443 | D:5      | Reached skill level 7 in Axes
  3544 | D:5      | Reached XP level 8. HP: 47/70 MP: 7/7
  3651 | D:5      | Reached skill level 8 in Axes
  3666 | D:5      | Found the +11 Singing Sword {sonic wave}
  4293 | D:6      | Found a shimmering blue altar of Sif Muna.
  4551 | D:6      | Reached skill level 9 in Axes
  4627 | D:6      | Reached XP level 9. HP: 77/79 MP: 8/8
  4968 | D:6      | Reached skill level 1 in Throwing
  5081 | D:6      | Reached skill level 10 in Axes
  5126 | D:6      | Noticed a two-headed ogre
  5126 | D:6      | Noticed a two-headed ogre
  5133 | D:6      | Killed a two-headed ogre
  5136 | D:6      | Killed a two-headed ogre
  5137 | D:6      | Reached XP level 10. HP: 57/90 MP: 9/9
  5391 | D:7      | Reached skill level 11 in Axes
  5786 | D:8      | Noticed a two-headed ogre
  5797 | D:8      | Killed a two-headed ogre
  6019 | D:8      | Paralysed by a hornet for 2 turns
  6030 | D:8      | HP: 2/90 [wight/+0 halberd (11)]
  6030 | D:8      | Slain by a wight

Illustrated notes

Levels and vault maps discovered:
D:1:      spicycebolla_arrival_ecumenical, layout_loops_corners
D:2:      layout_rooms, serial_shops, shop, dreamdust_wishing_well,
          minmay_misc_feat_x, grunt_ministairs_6, nicolae_eternal_life
D:3:      layout_loops_cross
D:4:      layout_loops_corners, kennysheep_mini,
          mainiacjoe_overflow_tiny_flanked, mainiacjoe_overflow_alcove_2,
          minmay_temple_entry_drinking_statues, uniq_edmund
D:5:      old_forge, layout_loops_ring, chequers_serial_rivers_small_a,
          st_stairs_6, mrwooster_statue_mirror, chequers_serial_rivers_large_a,
          minmay_misc_feat_rugged
D:6:      kennysheep_windowed_halls, layout_basic, led_sif_pool, kennysheep_dice
D:7:      layout_rooms
D:8:      layout_basic
Temple:   kb_temple_of_zot

Skill      XL: |  1  2  3  4  5  6  7  8  9 10 |
---------------+-------------------------------+-----
Axes           | 3 4 5 6 7 9 10 11 | 11.9
Shields        | 4 5 6 7 8 9 |  9.1
Armour         | 4 5 6 7 8 9 |  9.0
Fighting       | 4 5 6 7 8 9 |  9.1
Throwing       | 3 4 |  4.2

Action                     |  1- 3 |  4- 6 |  7- 9 | 10-12 || total
---------------------------+-------+-------+-------+-------++-------
  Melee: War axe           |   128 |    98 |   143 |       ||   369
         Headbutt          |    10 |    14 |    34 |    10 ||    68
         Hand axe          |       |       |   100 |    94 ||   194
  Throw: Boomerang         |       |       |       |     5 ||     5
    Use: Scroll            |     4 |     6 |     3 |     4 ||    17
         Potion            |       |       |     1 |     1 ||     2
 Armour: Scale mail        |    58 |       |       |       ||    58
         Chain mail        |    41 |    58 |   103 |       ||   202
         Plate armour      |       |       |    48 |    74 ||   122
  Dodge: Dodged            |    52 |    29 |    63 |    33 ||   177
  Block: Buckler           |    14 |       |       |       ||    14
         Kite shield       |    51 |    56 |   128 |    72 ||   307

Table legend: (Time is in decaauts)
 A = Elapsed time spent in this place.
 B = Non-inter-level travel time spent in this place.
 C = Inter-level travel time spent in this place.
 D = Time resting spent in this place.
 E = Time spent auto-exploring this place.
 F = Levels seen in this place.
 G = Mean time per level.
                   A        B        C        D        E       F      G
               +--------+--------+--------+--------+--------+-----+--------+
         Total |   6193 |   6050 |    143 |     48 |   3620 |   9 |  688.1 |
       Dungeon |   6055 |   5932 |    123 |     48 |   3532 |   8 |  756.9 |
        Temple |    138 |    118 |     20 |      0 |     88 |   1 |  138.0 |
               +--------+--------+--------+--------+--------+-----+--------+

Top non-repeatable levels by time:
     D:6: 1248 daAuts
     D:5: 989 daAuts
     D:1: 959 daAuts
     D:4: 909 daAuts
     D:2: 650 daAuts
     D:3: 605 daAuts
     D:7: 381 daAuts
     D:8: 311 daAuts
  Temple: 138 daAuts
